cohdb
Replays
Latest Replays
All Replays
Popular Replays
Top Player Replays
Match Explorer
How It Works
Community
CoH3 Stats
Reddit
Sign in to upload your games and track your stats! →
Sign in with Steam
Coastal fail?
Match 29271797
Overview
Messages
Build Orders
End
Vickers Machine Gun Team
Construct Section Command Post
Selects Air and Sea Battlegroup
Infantry Section
Infantry Section
Infantry Section
Construct Platoon Command Post
Selects Supply Surplus
6-pounder Anti-tank Gun Team
Construct Company Command Post
Unlock M3 Grant Medium Tanks
Royal Engineer Section
Infantry Section
Selects Centaur Medium Tank
M3 Grant Medium Tank
M3 Grant Medium Tank
Sandro67891
Delta0032
Macallan
MatioS
Loxley
KampFTrikeR
FLOKL
banstyle
0
0
Comments
sign in to comment!
No comments posted yet!